 Dungeon Crawl Stone Soup version 0.31-a0-430-gf8416d752b (webtiles) character file.

Game seed: 9031542829140001727

3941 Ethylacetat the Mimic (level 10, -1/53 HPs)
             Began as a Vine Stalker Shapeshifter on July 31, 2023.
             Was an Initiate of Gozag.
             Shot with a sling bullet by Joseph (9 damage)
             ... on level 8 of the Dungeon.
             The game lasted 00:09:28 (4959 turns).

Ethylacetat the Mimic (Vine Stalker Shapeshifter)   Turns: 4959, Time: 00:09:29

Health: -1/53      AC:  2    Str: 24    XL:     10   Next: 21%
Magic:  0/11       EV: 11    Int:  8    God:    Gozag
Gold:   1070       SH:  5    Dex: 19    Spells: 9/9 levels left

rFire   + .          .
                       - Unarmed
rCold   . . .        m - orb {light}
rNeg    . . .        o - +1 ring mail {rF+}
rPois   .            (helmet currently unavailable)
rElec   .            (cloak currently unavailable)
rCorr   .            (gloves currently unavailable)
SInv    .            (boots currently unavailable)
Will    +....        A - amulet of reflection
Stlth   +            k - +6 ring of strength
HPRegen 1.08/turn    q - +4 ring of slaying
MPRegen 0.12/turn

%: reflection, guardian spirit
@: beast-form, corroded, gold aura, glowing
A: beast (slay +6), fangs 3, regeneration 1, magic shield, antimagic bite, no
potion heal 2
a: Begin Untransformation, Renounce Religion, Potion Petition, Call Merchant,
Bribe Branch


You were on level 8 of the Dungeon.
You worshipped Gozag.
Gozag was most pleased with you.
You were a hulking beast.
You visited 2 branches of the dungeon, and saw 9 of its levels.

You collected 1109 gold pieces.
You paid 39 gold pieces to Gozag.

Inventory:

Armour
 m - an orb of light (worn)
 o - a +1 ring mail of fire resistance (worn)
Jewellery
 k - a +6 ring of strength (left hand)
 q - a +4 ring of slaying (right hand)
 y - a ring of protection from fire
 A - an amulet of reflection (around neck)
 G - an amulet of magic regeneration
Talismans
 c - a beast talisman (active)
 F - a maw talisman
Wands
 D - a wand of quicksilver (15)
 E - a wand of flame (40)
Scrolls
 a - 2 scrolls of enchant armour {unknown}
 d - 4 scrolls of teleportation {unknown}
 g - 11 scrolls of identify {unknown}
 h - 2 scrolls of immolation {unknown}
 j - 3 scrolls of enchant weapon {unknown}
 l - 3 scrolls of blinking {unknown}
 n - 2 scrolls of noise {unknown}
 u - 2 scrolls of fear {unknown}
 v - 2 scrolls of revelation {unknown}
 w - a scroll of vulnerability {unknown}
 x - a scroll of brand weapon {unknown}
 z - 2 scrolls of amnesia {unknown}
 H - a scroll of poison {unknown}
Potions
 b - 3 potions of lignification
 e - 2 potions of heal wounds {unknown}
 f - 4 potions of curing {unknown}
 i - a potion of might {unknown}
 p - a potion of attraction {unknown}
 r - 3 potions of haste {unknown}
 s - a potion of invisibility {unknown}
 t - a potion of magic {unknown}
 B - a potion of brilliance {unknown}
 C - a potion of enlightenment {unknown}


   Skills:
 + Level 6.6 Fighting
 - Level 1.6 Dodging
 + Level 7.8 Unarmed Combat
 * Level 9.2 Shapeshifting


You had 9 spell levels left.
You didn't know any spells.
Your spell library contained the following spells:

 Spells                   Type           Power      Damage    Failure   Level
 Magic Dart               Conj           0%         1d3       56%         1
 Summon Small Mammal      Summ           0%         N/A       56%         1
 Ensorcelled Hibernation  Hex/Ice        0%         N/A       71%         2
 Poisonous Vapours        Pois/Air       0%         N/A       71%         2
 Searing Ray              Conj           0%         2d4       71%         2
 Call Canine Familiar     Summ           0%         N/A       90%         3
 Mephitic Cloud           Conj/Pois/Air  0%         N/A       90%         3
 Summon Guardian Golem    Hex/Summ       0%         N/A       90%         3
 Anguish                  Hex/Necr       0%         N/A       100%        4
 Fulminant Prism          Conj/Hex       0%         3d5       100%        4
 Freezing Cloud           Conj/Ice/Air   0%         6-21      100%        5


Dungeon Overview and Level Annotations

Branches:
Dungeon (8/15)             Temple (1/1) D:7
   Lair: D:8-11

Altars:
Ashenzari
Dithmenos
Elyvilon
Fedhas
Gozag
Hepliaklqana
Kikubaaqudgha
Makhleb
Nemelex Xobeh
Okawaru
Qazlal
Ru
Sif Muna
Trog
Uskayaw
Vehumet
Wu Jian
Xom
Yredelemnul
Zin
The Shining One

Annotations:
D:8 Joseph


Innate Abilities, Weirdness & Mutations

You are a hulking beast.
Your limbs bulge with bestial killing power. (Slay +6)
You have razor-sharp teeth.
Your natural rate of healing is unusually fast.
When hurt, damage is shared between your health and your magic reserves.
Your bite disrupts and absorbs the magic of your enemies.
Potions cannot restore your health.


Message History

The acid dragon spits acid at you. The splash of acid hits you!!
The acid corrodes you!
You hear an angry hiss. x2; You hear a shout!
You barely miss the acid dragon. You bite the acid dragon. You drain its power.
You feel invigorated.
The acid dragon is severely wounded.
The acid dragon barely misses you. The acid dragon claws you.
You are too injured to fight recklessly!
Unknown command.
You are too injured to fight recklessly!
You punch the acid dragon!
You kill the acid dragon!
A komodo dragon comes into view.
You see here 16 gold pieces.
You now have 1070 gold pieces (gained 6).
The komodo dragon hisses angrily.
You hit the komodo dragon.
The komodo dragon is lightly wounded.
The komodo dragon completely misses you.
You hit the komodo dragon.
You bite the komodo dragon, but do no damage.
The komodo dragon is lightly wounded.
You punch the komodo dragon! You bite the komodo dragon. You drain its power.
You feel invigorated.
The komodo dragon is heavily wounded.
The komodo dragon bites you!!
* * * LOW HITPOINT WARNING * * *
Joseph, a Mercenary comes into view.
He is wielding a +0 quarterstaff.
You punch the komodo dragon! You bite the komodo dragon! You drain its power.
You feel invigorated.
The komodo dragon is almost dead.
The komodo dragon bites you!
* * * LOW HITPOINT WARNING * * *
Joseph unwields a +0 quarterstaff.
Joseph wields a +0 sling.
Joseph shoots a sling bullet.
The sling bullet closely misses you.
You punch the komodo dragon!
You kill the komodo dragon!
Joseph shoots a sling bullet.
The sling bullet hits you!
You die...
Your body crumbles into a pile of gold.

#............. #.............
############## $ ### # ### ##
#..##.. #.# l##.....#. .#######
##$.#.....# #...##.####
####.#........
####..##..####..h..$.@..#
##....###.....$..#.#.#
##..........##.#.##
#.########.#..##.#
#################################
....................#..#.....#...
######...>..........#..'.....#...
#....#..............#..#.....#...
.....+..............#..##'####...


You could see Joseph.

Vanquished Creatures
  A komodo dragon (D:8)
  2 wyverns
  3 yaks (D:8)
  A basilisk (D:8)
  3 steam dragons (D:6)
  Menkaure (D:5)
  2 acid dragons (D:8)
  An ice beast (D:5)
  2 orc warriors (D:8)
  An ogre (D:6)
  A sky beast (D:6)
  A centaur (D:7)
  A phantom (D:4)
  Blork the orc (D:5)
  2 bullfrogs
  2 scorpions
  2 howler monkeys
  4 jellies
  4 hounds
  7 orc priests
  Crazy Yiuf (D:3)
  A gnoll bouda (D:7)
  2 sleepcaps
  9 orc wizards
  9 gnolls
  12 adders
  A white imp (D:6)
  2 ufetubi (D:7)
  A worm (D:2)
  3 dart slugs
  25 orcs
  5 endoplasms
  3 giant cockroaches
  8 goblins
  8 hobgoblins
  2 jackals (D:4)
  3 quokkas
  7 ball pythons
  7 bats
  6 frilled lizards
  8 kobolds
  14 rats
179 creatures vanquished.

Notes
Turn   | Place    | Note
-------+----------+-------------------------------------------
     0 | D:1      | Ethylacetat the Vine Stalker Shapeshifter began the quest
                  | for the Orb.
     0 | D:1      | Reached XP level 1. HP: 9/9 MP: 2/2
    28 | D:1      | Reached skill level 1 in Fighting
    37 | D:1      | Reached XP level 2. HP: 14/14 MP: 3/3
   427 | D:1      | Reached XP level 3. HP: 15/18 MP: 4/4
   938 | D:2      | Gained mutation: Your natural rate of healing is unusually
                  | fast. [Vine Stalker growth]
   938 | D:2      | Reached XP level 4. HP: 21/23 MP: 5/5
  1223 | D:2      | Identified the +1 leather armour of Daavulul {Drain rC+
                  | Int+7 SInv}
  1375 | D:3      | Noticed a scorpion
  1389 | D:3      | Killed a scorpion
  1390 | D:3      | Reached skill level 4 in Shapeshifting
  1390 | D:3      | Reached XP level 5. HP: 9/26 MP: 3/6
  1495 | D:3      | Reached XP level 6. HP: 27/32 MP: 4/7
  1615 | D:3      | Found a runed translucent door.
  1616 | D:3      | Noticed Crazy Yiuf
  1680 | D:3      | Found an opulent altar of Gozag.
  1686 | D:3      | Became a worshipper of Gozag Ym Sagoz the Greedy
  1774 | D:3      | Killed Crazy Yiuf
  2050 | D:4      | Reached skill level 5 in Shapeshifting
  2377 | D:5      | Entered Level 5 of the Dungeon
  2420 | D:5      | Noticed Blork the orc
  2429 | D:5      | Reached XP level 7. HP: 10/36 MP: 4/8
  2432 | D:5      | Killed Blork the orc
  2599 | D:5      | Found a white marble altar of Elyvilon.
  2731 | D:5      | Reached skill level 5 in Unarmed Combat
  2760 | D:5      | Found a basalt altar of Yredelemnul.
  2775 | D:5      | Noticed Menkaure
  2781 | D:5      | Killed Menkaure
  2782 | D:5      | Reached skill level 6 in Shapeshifting
  2782 | D:5      | Gained mutation: You have razor-sharp teeth. [Vine Stalker
                  | growth]
  2782 | D:5      | Reached XP level 8. HP: 17/42 MP: 2/9
  3286 | D:6      | Reached skill level 7 in Shapeshifting
  3374 | D:6      | Reached skill level 5 in Fighting
  3374 | D:6      | Reached XP level 9. HP: 47/47 MP: 10/10
  3705 | D:7      | Found a radiant altar of Vehumet.
  4121 | D:7      | Found a staircase to the Ecumenical Temple.
  4220 | D:7      | Found an ornate altar of the Wu Jian Council.
  4276 | Temple   | Entered the Ecumenical Temple
  4337 | D:8      | Reached skill level 8 in Shapeshifting
  4826 | D:8      | Reached XP level 10. HP: 31/53 MP: 11/11
  4945 | D:8      | Reached skill level 9 in Shapeshifting
  4956 | D:8      | Noticed Joseph
  4959 | D:8      | Shot with a sling bullet by Joseph

Illustrated notes

Levels and vault maps discovered:
D:1:      dpeg_arrival_rooms_with_view, layout_rooms
D:2:      minmay_spotlight, layout_basic, nrook_campfire, st_stairs_14
D:3:      layout_basic, mainiacjoe_overflow_six_doors_small,
          uniq_crazy_yiuf_cottage
D:4:      layout_cave_pools, minmay_misc_feat_cross
D:5:      layout_basic, mainiacjoe_overflow_surrounded_room,
          nicolae_elyvilon_peaceful_grove, hangedman_abyss_or_decor_stagger,
          serial_bayou_ford_a, uniq_blork_the_orc, uniq_menkaure
D:6:      cheibrodos_steamvent, layout_loops_ring
D:7:      layout_cave_pools, kennysheep_mini, vehumet_altar_wand_db,
          temple_fountains, nicolae_nh_ransacked_shop
D:8:      layout_gridville, erik_lair_dragon, kennysheep_donut, uniq_joseph
Temple:   eino_temple_rhombus

Skill      XL: |  1  2  3  4  5  6  7  8  9 10 |
---------------+-------------------------------+-----
Fighting       | 1 2 3 4 5 6 |  6.6
Shapeshifting  | 4 5 6 7 8 9 |  9.2
Unarmed Combat | 4 5 6 7 |  7.8
Dodging        | |  1.6

Action                     |  1- 3 |  4- 6 |  7- 9 | 10-12 || total
---------------------------+-------+-------+-------+-------++-------
  Melee: Unarmed           |    84 |   109 |   177 |    13 ||   383
         Bite              |    10 |    30 |    66 |     8 ||   114
   Stab: Sleeping          |     2 |       |       |       ||     2
         Distracted        |       |     1 |     1 |       ||     2
 Armour: Animal skin       |    14 |       |       |       ||    14
         Ring mail         |       |    31 |    43 |       ||    74
  Dodge: Dodged            |    47 |    61 |    76 |     4 ||   188
  Block: Orb               |       |       |    23 |       ||    23
         Reflection        |       |       |     2 |       ||     2

Table legend: (Time is in decaauts)
 A = Elapsed time spent in this place.
 B = Non-inter-level travel time spent in this place.
 C = Inter-level travel time spent in this place.
 D = Time resting spent in this place.
 E = Time spent auto-exploring this place.
 F = Levels seen in this place.
 G = Mean time per level.
                   A        B        C        D        E       F      G
               +--------+--------+--------+--------+--------+-----+--------+
         Total |   4930 |   4769 |    161 |     29 |   3830 |   9 |  547.8 |
       Dungeon |   4928 |   4767 |    161 |     29 |   3830 |   8 |  616.0 |
        Temple |      1 |      1 |      0 |      0 |      0 |   1 |    1.0 |
               +--------+--------+--------+--------+--------+-----+--------+

Top non-repeatable levels by time:
     D:2: 706 daAuts
     D:5: 686 daAuts
     D:8: 661 daAuts
     D:6: 634 daAuts
     D:7: 583 daAuts
     D:4: 565 daAuts
     D:3: 556 daAuts
     D:1: 535 daAuts
  Temple: 1 daAuts
